 Dungeon Crawl Stone Soup version 0.19.4-12-gccf7e64 (webtiles) character file.

70 tself55 the Poker (level 4, -1/34 HPs)
             Began as a Merfolk Skald on Feb 26, 2017.
             Slain by an orc wizard
             ... wielding a +0 dagger
              (3 damage)
             ... on level 3 of the Dungeon.
             The game lasted 00:02:55 (2809 turns).

tself55 the Poker (Merfolk Skald)                   Turns: 2809, Time: 00:02:55

Health: -1/34      AC:  5    Str: 13    XL:     4   Next: 22%
Magic:  7/7        EV: 11    Int: 11    God:
Gold:   151        SH:  0    Dex: 16    Spells: 1 memorised, 6 levels left

rFire  . . .     SeeInvis .     a - +0 spear
rCold  . . .     Gourm    .     e - +0 ring mail
rNeg   . . .     Faith    .     (no shield)
rPois  .         Spirit   .     (no helmet)
rElec  .         Reflect  .     (no cloak)
rCorr  .         Harm     .     (no gloves)
MR     .....                    (no boots)
Stlth  +.........               (no amulet)
                                l - +3 ring of dexterity
                                (no ring)

@: no status effects
A: change form in water, swift swim, stealthy swim
a: no special abilities


You were on level 3 of the Dungeon.
You were not hungry.

You visited 1 branch of the dungeon, and saw 3 of its levels.

You collected 151 gold pieces.

Inventory:

Hand Weapons
 a - a +0 spear (weapon)
Armour
 e - a +0 ring mail (worn)
Jewellery
 l - a +3 ring of dexterity (right hand)
Scrolls
 b - a scroll of enchant weapon {unknown}
 h - a scroll of random uselessness {unknown}
Potions
 n - 2 potions of might
 o - a potion of magic {unknown}
 p - a potion of mutation {unknown}
Books
 c - a book of Battle

   Spells                             Type                      Level
   a - Infusion                       Charms                       1
   b - Shroud of Golubria             Charms/Translocation         2
   c - Song of Slaying                Charms                       2
   d - Spectral Weapon                Hexes/Charms                 3
   e - Regeneration                   Charms/Necromancy            3
Comestibles
 d - a bread ration
 f - 3 meat rations
 g - 4 chunks of flesh
 i - 3 fruits
 j - a beef jerky


   Skills:
 + Level 2.9 Fighting
 * Level 5.2 Polearms
 - Level 0.6 Armour
 + Level 2.4 Dodging
 - Level 2.0 Spellcasting
 - Level 3.2 Charms


You had 6 spell levels left.
You knew the following spells:

 Your Spells              Type           Power        Failure   Level  Hunger
a - Infusion              Chrm           #...         17%         1    ##.....


Dungeon Overview and Level Annotations

Branches:
Dungeon (3/15)

Altars:


Message History

You miss something. Something hits you but does no damage.
You hit something.
You hear some strange, mumbled words.
A magic dart appears from out of thin air!
The magic dart hits you!
You hit something but do no damage.
You hear some strange, mumbled words.
A puff of flame appears from out of thin air!
The puff of flame hits you!
* * * LOW HITPOINT WARNING * * *
Okay, then.
You barely miss something.
You hear some strange, mumbled words.
A puff of flame appears from out of thin air!
The puff of flame misses you. Something hits you but does no damage.
You closely miss something. Something hits you.
* * * LOW HITPOINT WARNING * * *
You hit something but do no damage.
Something hits you but does no damage. x2
You hit something but do no damage. Something hits you.
You die...

♣...P♣.♣ ♣♣....
♣...♣ ♣..... ♣...♣
♣♣♣ .......
#.♣♣..♣♣♣♣.#
.......
#....o.....#
.......
#####o######
#.....# #o# ##...#
#{# ##+# #@# #.#
#(######### #.#
#.(.......####.##
#####...........##
#.###.##.....# #.#
#.###...## #.#
#........# #.#
#####.##.. #.#
#.####


You could see 3 orcs.

Vanquished Creatures
  2 adders
  A worm (D:2)
  A dart slug (D:1)
  3 leopard geckos
  An orc (D:3)
  2 giant cockroaches (D:2)
  7 goblins
  7 hobgoblins
  7 jackals (D:1)
  A kobold (D:1)
  3 bats
  4 rats
39 creatures vanquished.

Notes
Turn   | Place    | Note
-------+----------+-------------------------------------------
     0 | D:1      | tself55 the Merfolk Skald began the quest for the Orb.
     0 | D:1      | Reached XP level 1. HP: 16/16 MP: 3/3
   467 | D:1      | Reached XP level 2. HP: 19/22 MP: 5/5
   809 | D:1      | Reached skill level 4 in Polearms
  1114 | D:1      | Reached XP level 3. HP: 28/28 MP: 6/6
  2558 | D:2      | Reached skill level 5 in Polearms
  2558 | D:2      | Reached XP level 4. HP: 34/34 MP: 7/7
  2809 | D:3      | Slain by an orc wizard

Skill      XL: |  1  2  3 |
---------------+----------+-----
Dodging        | 2 |  2.4
Polearms       | 4 5 |  5.2
Fighting       | |  2.9
Armour         | |  0.6
Spellcasting   | |  2.0
Charms         | |  3.2

Action                   |  1- 3 |  4- 6 || total
-------------------------+-------+-------++-------
Melee: Spear             |   171 |    36 ||   207
       Tailslap          |     6 |       ||     6
  Use: Scroll            |     3 |     1 ||     4
 Stab: Sleeping          |     2 |       ||     2
  Eat: Chunk             |     5 |     1 ||     6
Armor: Leather armour    |    28 |       ||    28
       Ring mail         |     5 |    13 ||    18
Dodge: Dodged            |    56 |    11 ||    67
